 Dungeon Crawl Stone Soup version 0.14-a0-2381-g4cacdb4 (webtiles) character file.

873 Kae the Covert (level 7, -1/32 HPs)
             Began as a Spriggan Enchanter on Feb 2, 2014.
             Was an Initiate of Dithmengos.
             Slain by an orc wizard
             ... wielding a -1,+0 orcish dagger
              (4 damage)
             ... on Level 6 of the Dungeon.
             The game lasted 00:09:03 (4867 turns).

Kae the Covert (Spriggan Enchanter)                 Turns: 4867, Time: 00:09:03

HP  -1/32        AC  4     Str  6      XL: 7   Next: 49%
MP   1/21        EV 18     Int 16      God: Dithmengos [......]
Gold 118         SH  0     Dex 17      Spells:  3 memorised,  9 levels left

rFire  + + .     SeeInvis +     a - +1 dagger (curse)
rCold  x . .     Clarity  .     b - +2 robe
rNeg   . . .     Conserve .     (shield restricted)
rPois  .         rCorr    .     (helmet restricted)
rElec  .         rRot     .     (no cloak)
SustAb . .       Spirit   .     (gloves unavailable)
rMut   .         Warding  .     (boots unavailable)
Saprov . . .     Stasis   .     (no amulet)
MR     +....                    i - ring of protection from fire
                                s - cursed ring of fire

@: very slightly contaminated, very quick, somewhat resistant to hostile
enchantments, very stealthy
A: unfitting armour, see invisible, herbivore 3, speed 3, slow metabolism 2
a: Renounce Religion


You were on level 6 of the Dungeon.
You worshipped Dithmengos.
Dithmengos was noncommittal.
You were not hungry.

You visited 2 branches of the dungeon, and saw 7 of its levels.

You collected 244 gold pieces.
You spent 126 gold pieces at shops.

Inventory:

Hand weapons
 a - a cursed +1,+1 dagger (weapon)
 n - a +4,+0 dagger of speed
Missiles
 d - 13 darts (quivered)
 p - 3 silver darts
Armour
 b - a +2 robe (worn)
Comestibles
 h - a choko
 o - a lychee
 w - 2 bread rations
Scrolls
 f - 2 scrolls of curse jewellery
 k - 7 scrolls of identify
 l - 2 scrolls of enchant armour
 m - a scroll of random uselessness
 r - a scroll of teleportation
Jewellery
 i - a ring of protection from fire (right hand)
 s - a cursed ring of fire (left hand)
Potions
 e - a potion of resistance {unknown}
 g - a potion of degeneration {unknown}
 j - a potion of curing {unknown}
 q - a potion of paralysis {unknown}
 t - 2 potions of agility {unknown}
 u - a potion of mutation {unknown}
 v - a potion of restore abilities {unknown}
 x - a potion of magic {unknown}
 z - a potion of heal wounds {unknown}
Books
 c - a book of Maledictions

   Spells                             Type                      Level
   *Corona                            Hexes                        1
   Sure Blade                         Hexes/Charms                 2
   *Ensorcelled Hibernation           Hexes/Ice                    2
   *Confuse                           Hexes                        3
   Enslavement                        Hexes                        4
   Invisibility                       Hexes                        6


   Skills:
 * Level 5.3 Short Blades
 - Level 1.1 Throwing
 - Level 3.0 Dodging
 * Level 8.2 Stealth
 + Level 4.5 Spellcasting
 + Level 5.4 Hexes


You had 9 spell levels left.
You knew the following spells:

 Your Spells              Type           Power        Failure   Level  Hunger
a - Corona                Hex            ###....      1%          1    None
b - Ensorcelled Hibernat  Hex/Ice        #.....       10%         2    ##.....
c - Confuse               Hex            ###.....     6%          3    ###....


Dungeon Overview and Level Annotations

Branches:
Dungeon (6/16)             Temple (1/1) D:5

Altars:
Ashenzari
Cheibriados
Dithmengos
Elyvilon
Fedhas
Kikubaaqudgha
Makhleb
Nemelex Xobeh
Sif Muna
Trog
Vehumet
Xom
Yredelemnul
Zin

Shops:
D:5 [*:?(   D:6 (

Annotations:
D:5 katzbalger's ghost, experienced KoAs


Innate Abilities, Weirdness & Mutations

You are tiny and cannot use many weapons and most armour.
You have supernaturally acute eyesight.
You are a herbivore.
You cover ground extremely quickly.
You need consume almost no food.


Message History

You open the orc wizard like a pillowcase!!!
You kill the orc wizard!
Dithmengos accepts your kill.
The orc wizard hits you with an orcish dagger.
* * * LOW HITPOINT WARNING * * *
Casting: Ensorcelled Hibernation
Confirm with . or Enter, or press ? or * to list all spells.
Aiming: Ensorcelled Hibernation
Press: ? - help, Shift-Dir - straight line, f - orc wizard
Aim: an orc wizard, wielding an orcish dagger and wearing an orcish robe You feel a numb sensation.
The orc wizard easily resists.
The orc wizard hits you but does no damage.
Casting: Ensorcelled Hibernation
Confirm with . or Enter, or press ? or * to list all spells.
Aiming: Ensorcelled Hibernation
Press: ? - help, Shift-Dir - straight line, f/p - orc wizard
Aim: an orc wizard, wielding an orcish dagger and wearing an orcish robe You feel a numb sensation.
The orc wizard easily resists.
The orc wizard hits you with an orcish dagger.
You die...

#.....<..#
#........#
#........#
###.....)..#
...........#
...........#
....#####..#
#..
#).###..#
#@......#
#)o.....#
#..###..#
#..# .# #..#
#..# #..#
#..# #..


You could see an orc wizard.

Vanquished Creatures
  An ogre (D:4)
  A phantom (D:3)
  2 centaurs
  2 hounds (D:4)
  An orc priest (D:4)
  An iguana (D:5)
  2 orc wizards
  A worker ant (D:5)
  Ijyb (D:2)
  9 adders
  An inept feature mimic (D:3)
  4 worms
  A gnoll skeleton (D:4)
  A giant eyeball (D:4)
  3 giant geckos
  5 orcs
  5 giant cockroaches
  6 hobgoblins
  4 jackals (D:1)
  3 quokkas
  2 ball pythons
  8 bats
  3 giant newts
  11 goblins
  8 kobolds
  A quokka skeleton (D:4)
  6 rats
93 creatures vanquished.

Notes
Turn   | Place    | Note
--------------------------------------------------------------
     0 | D:1      | Kae, the Spriggan Enchanter, began the quest for the Orb.
     0 | D:1      | Reached XP level 1. HP: 9/9 MP: 4/4
   144 | D:1      | Reached XP level 2. HP: 10/13 MP: 7/7
   165 | D:1      | Learned a level 2 spell: Ensorcelled Hibernation
   608 | D:1      | Reached skill level 4 in Stealth
   888 | D:2      | Reached XP level 3. HP: 13/16 MP: 9/9
   916 | D:2      | Noticed Ijyb
   927 | D:2      | Killed Ijyb
  1388 | D:2      | Reached XP level 4. HP: 5/21 MP: 1/13
  1771 | D:2      | Reached skill level 5 in Stealth
  2191 | D:3      | Noticed a centaur
  2195 | D:3      | Killed a centaur
  2195 | D:3      | Reached XP level 5. HP: 20/24 MP: 13/16
  2593 | D:3      | Learned a level 3 spell: Confuse
  2951 | D:3      | Reached skill level 6 in Stealth
  3367 | D:4      | Reached XP level 6. HP: 28/28 MP: 15/18
  3513 | D:4      | Noticed a phantom
  3771 | D:3      | Killed a phantom
  3771 | D:3      | Reached skill level 7 in Stealth
  3814 | D:4      | Noticed an ogre
  3835 | D:4      | Killed an ogre
  3835 | D:4      | Reached skill level 5 in Hexes
  3835 | D:4      | Reached XP level 7. HP: 32/32 MP: 10/21
  4317 | D:5      | Entered Level 5 of the Dungeon
  4356 | D:5      | Found Kliown's Book Shoppe.
  4408 | D:5      | Found Kisho's Antique Weapon Shoppe.
  4420 | D:5      | Bought a runed dagger for 60 gold pieces
  4440 | D:5      | Found Vaho's General Store.
  4449 | D:5      | Reached skill level 5 in Short Blades
  4449 | D:5      | Reached skill level 8 in Stealth
  4485 | D:5      | Found a staircase to the Ecumenical Temple.
  4487 | D:5      | Noticed katzbalger's ghost (experienced KoAs)
  4495 | Temple   | Entered the Ecumenical Temple
  4543 | Temple   | Became a worshipper of Dithmengos
  4604 | D:5      | Found Schis' Antique Armour Emporium.
  4772 | D:5      | Found Kaatwaw's Magic Scroll Shoppe.
  4797 | D:5      | Bought 3 scrolls of identify for 66 gold pieces
  4843 | D:6      | Found Cupihuni's Antique Weapon Boutique.
  4867 | D:6      | Slain by an orc wizard

Action                   |  1- 3 |  4- 6 |  7- 9 || total
-------------------------+-------+-------+-------++-------
Melee: Dagger            |   155 |   123 |    48 ||   326
Throw: Dart              |       |     7 |       ||     7
 Cast: Ensorcelled Hiber |    16 |    25 |    24 ||    65
       Corona            |     1 |       |       ||     1
       Confuse           |       |    12 |       ||    12
  Use: Scroll            |     2 |       |    10 ||    12
       Potion            |       |     1 |       ||     1
 Stab: Sleeping          |    15 |    20 |    15 ||    50
       Confused          |       |     3 |       ||     3
